 Dungeon Crawl Stone Soup version 0.30-a0-782-ge64f9170bb (console) character file.

Game seed: 8633852065121513368

53706 rlgrobin the Nimble (level 14, -9/81 HPs)
             Began as a Felid Wanderer on Feb 18, 2023.
             Was an Initiate of Yredelemnul.
             Shot with an arrow by a naga sharpshooter (11 damage)
             ... led by Vashnia
             ... on level 3 of the Snake Pit.
             The game lasted 01:38:51 (31929 turns).

rlgrobin the Nimble (Felid Wanderer)               Turns: 31929, Time: 01:38:51

Health: -9/81      AC: 27    Str:  5    XL:     14   Next: 31%
Magic:  19/28      EV: 28    Int: 26    God:    Yredelemnul [......]
Gold:   2079       SH:  5    Dex: 20    Spells: 13/32 levels left
                                        Lives:  0   Deaths: 3

rFire   . . .      SeeInvis +      - Unarmed
rCold   . . .      Faith    .    (shield unavailable)
rNeg    + . .      Spirit   .    (body armour unavailable)
rPois   ∞          Reflect  +    (helmet unavailable)
rElec   +          Harm     .    (cloak unavailable)
rCorr   .          Rampage  .    (gloves unavailable)
Will    ++...                    (boots unavailable)
Stlth   ++++                     L - amulet of reflection
HPRegen 0.33/turn                i - ring of wizardry
MPRegen 0.21/turn                v - +6 ring of intelligence

@: statue-form, very slow
A: slow and powerful, torment resistance 1, boosted hp, very small, claws 1,
fangs 3, see invisible, (speed 1), (shaggy fur 3), stealthy paws, no weapons or
thrown items, no armour, multi-lived, clever 1, clumsy 1
a: End Transformation, Renounce Religion, Recall Undead Harvest


You were on level 3 of the Snake Pit.
You worshipped Yredelemnul.
Yredelemnul was aware of your devotion.
You were a living statue of rough stone.
You visited 5 branches of the dungeon, and saw 26 of its levels.
You also visited: Sewer and Ossuary.

You collected 2931 gold pieces.
You spent 852 gold pieces at shops.

Inventory:

Jewellery
 i - a ring of wizardry (left paw)
 j - a ring of protection from cold
 r - an amulet of faith
 s - a +4 ring of protection
 v - a +6 ring of intelligence (right paw)
 w - the ring of Secrets {rElec rPois Will+ Dex-2 Stlth+}
   (You found it on level 7 of the Dungeon)

   [ring of willpower]

   Dex:       It affects your dexterity (-2).
   rElec:     It insulates you from electricity.
   rPois:     It protects you from poison.
   Will:      It increases your willpower.
   Stlth:     It makes you more stealthy.
 G - a ring of resist corrosion
 H - a ring of protection from cold
 K - a +4 ring of protection
 L - an amulet of reflection (around neck)
Wands
 e - a wand of flame (28)
 x - a wand of charming (22)
 y - a wand of polymorph (7)
 F - a wand of mindburst (6)
Scrolls
 a - a scroll of blinking
 c - 2 scrolls of silence
 k - 3 scrolls of identify
 m - 9 scrolls of teleportation
 p - 4 scrolls of immolation
 t - 9 scrolls of magic mapping
 u - 5 scrolls of fog
 D - 4 scrolls of poison
 J - a scroll of fear
Potions
 b - 2 potions of cancellation
 d - 3 potions of mutation
 f - 7 potions of might
 g - 3 potions of magic
 h - a potion of curing
 n - 4 potions of ambrosia
 o - 4 potions of flight
 q - 2 potions of brilliance
 z - 2 potions of lignification
 A - 3 potions of haste
 B - a potion of berserk rage
 C - 3 potions of resistance
Miscellaneous
 l - a condenser vane (inert)
 I - a phantom mirror


   Skills:
 + Level 8.8 Fighting
 - Level 13.2 Dodging
 - Level 8.6 Stealth
 - Level 13.0 Unarmed Combat
 - Level 9.8 Spellcasting
 - Level 9.9 Conjurations
 - Level 12.6 Transmutations
 - Level 6.7 Air Magic
 + Level 7.1 Earth Magic
 - Level 5.8 Poison Magic
 - Level 8.3 Invocations
 - Level 3.6 Evocations


You had 13 spell levels left.
You knew the following spells:

 Your Spells              Type           Power      Damage    Failure   Level
a - Poisonous Vapours     Pois/Air       90%        N/A       1%          2
b - Mephitic Cloud        Conj/Pois/Air  51%        N/A       1%          3
c - Spider Form           Tmut/Pois      57%        N/A       1%          3
d - Freezing Cloud        Conj/Ice/Air   20%        6-21      5%          5
e - Statue Form           Tmut/Erth      39%        N/A       4%          6

Your spell library contained the following spells:

 Spells                   Type           Power      Damage    Failure   Level
 Freeze                   Ice            48%        1d6       1%          1
 Sandblast                Erth           98%        2d20      1%          1
 Summon Small Mammal      Summ           48%        N/A       1%          1
 Cigotuvi's Dreadful Rot  Necr/Pois/Air  68%        N/A       1%          2
 Passwall                 Tmut/Erth      49%        N/A       1%          2
 Dazzling Flash           Conj/Hex       76%        N/A       1%          3
 Hailstorm                Conj/Ice       38%        3d9       1%          3
 Ignite Poison            Fire/Tmut/Pois 44%        N/A       1%          3
 Stone Arrow              Conj/Erth      100%       3d13      1%          3
 Petrify                  Tmut/Erth      59%        N/A       1%          4
 Ensorcelled Hibernation  Hex/Ice        24%        N/A       2%          2
 Kindle Blastsparks       Fire/Tloc/Air  48%        2d14      2%          3
 Flame Wave               Conj/Fire      38%        2d10      2%          4
 Iskenderun's Mystic Bla  Conj/Tloc      38%        2d9       2%          4
 Sticky Flame             Conj/Fire      38%        2d6       2%          4
 Summon Lightning Spire   Summ/Air       30%        N/A       4%          4
 Call Canine Familiar     Summ           12%        N/A       6%          3
 Frozen Ramparts          Ice            24%        1d4       6%          3
 Inner Flame              Hex/Fire       12%        N/A       6%          3
 Ozocubu's Armour         Ice            12%        N/A       6%          3
 Summon Guardian Golem    Hex/Summ       12%        N/A       6%          3
 Anguish                  Hex/Necr       6%         N/A       19%         4
 Summon Ice Beast         Ice/Summ       12%        N/A       19%         4
 Orb of Destruction       Conj           29%        9d9       26%         7
 Storm Form               Tmut/Air       29%        N/A       28%         7
 Starburst                Conj/Fire      19%        6d7       34%         6
 Metabolic Englaciation   Hex/Ice        6%         N/A       45%         5
 Summon Mana Viper        Hex/Summ       12%        N/A       45%         5
 Spellforged Servitor     Conj/Summ      19%        N/A       87%         7
 Maxwell's Capacitive Co  Air            24%        ∞         99%         8
 Monstrous Menagerie      Summ           6%         N/A       100%        7
 Chain Lightning          Conj/Air       27%        3d36      100%        9
 Fire Storm               Conj/Fire      19%        8d5       100%        9
 Shatter                  Erth           24%        3d21*     100%        9
 Simulacrum               Ice/Necr       Unusable   N/A       N/A         6

Dungeon Overview and Level Annotations

Branches:
Dungeon (15/15)            Temple (1/1) D:7            Lair (5/5) D:9
  Swamp (0/4) Lair:3        Snake (3/4) Lair:2        Slime (0/5) Lair:5
    Orc (2/2) D:12            Elf (0/3) Orc:2        Vaults (0/5) D:13
 Depths (0/4) D:15          Sewer (visited)         Ossuary (visited)

Altars:
Ashenzari
Cheibriados
Dithmenos
Elyvilon
Fedhas
Gozag
Hepliaklqana
Kikubaaqudgha
Makhleb
Nemelex Xobeh
Okawaru
Qazlal
Ru
Sif Muna
Trog
Uskayaw
Vehumet
Wu Jian
Xom
Yredelemnul
Zin
The Shining One
Jiyva

Shops:
D:7 =(:   D:10 (   D:11 [   D:15 [   Orc:1 =   Orc:2 :!=(

Annotations:
D:4 3 runed translucent doors, jazmu's ghost, amateur DsHs
D:11 2 transporters, MCDelver's ghost, journeyman OpFE
D:15 5 runed translucent doors, Aldia's ghost, adept TrCK
Snake:3 Vashnia


Innate Abilities, Weirdness & Mutations

You are a living statue of rough stone.
Your actions are slow, but your melee attacks are powerful.
You are resistant to unholy torment.
Your maximum health is greatly increased.
You are immune to poison.
You have sharp claws.
You have razor-sharp teeth.
You have supernaturally acute eyesight. (SInv)
((You cover ground quickly. (Speed+)))
((Your thick and shaggy fur keeps you warm. (AC +3, rC+)))
Your paws help you pounce on unaware monsters.
You are incapable of wielding weapons or throwing items.
You cannot wear armour.
You gain extra lives every three experience levels.
Your mind is acute. (Int +4, Str/Dex -1)
You are clumsy. (Dex -2)


Message History

Vashnia is engulfed in freezing vapours.
Vashnia casts a spell.
Vashnia magically shoots a bolt.
The bolt hits you!
* * * LOW HITPOINT WARNING * * *
The naga sharpshooter spits poison at you.
The splash of poison hits you but does no damage.
You resist.
Your naga zombie misses Vashnia.
Your naga zombie closely misses Vashnia.
Vashnia is engulfed in freezing vapours.
Vashnia says, "We do not look kindly on intruders!"
Vashnia shoots a bolt.
You reflect the bolt off an invisible shield around you!
The bolt closely misses Vashnia.
You feel better.
The naga sharpshooter shoots an arrow.
The arrow hits you but does no damage.
Vashnia is engulfed in freezing vapours.
Vashnia spits poison at you. The splash of poison misses you.
Your naga zombie completely misses Vashnia.
Your naga zombie misses Vashnia.
The naga sharpshooter spits poison at you.
The splash of poison misses you.
Okay, then.
Vashnia is engulfed in freezing vapours.
Vashnia shoots a bolt.
The bolt hits your naga zombie!!!
Your naga zombie is destroyed!
The naga sharpshooter shoots an arrow.
You reflect the arrow off an invisible shield around you!
The arrow hits the naga sharpshooter!!
Vashnia is engulfed in freezing vapours.
Vashnia shoots a bolt.
The bolt hits you!!
* * * LOW HITPOINT WARNING * * *
The naga sharpshooter shoots an arrow.
The arrow misses you.
Vashnia is engulfed in freezing vapours.
Vashnia shoots a bolt.
The bolt hits you but does no damage.
The naga sharpshooter gestures wildly while chanting.
The naga sharpshooter magically shoots an arrow.
The arrow hits you!
You die...
Your body rises from the dead as a mindless zombie.

#........#...## #..(..
#.#..!........# ##...#
#.#...........# ####### ###'##
..##..........## ##.....###.....
####......#....####.#####.#.#...#
# ##......#....##.........#.#...#
# #...#....###...)#...8...))#.8.#
###.Z...##....○..)).......#)#.N.#
#......####°☼°§.8○#.#####.#.#...#
#Z.....# #○○§§○§°##.....###)ZZZ.
#.Z....# #.○_N§☼N§####### ###Z##
.......# #...§.§§§§#.## #.N)#
.....### #.(...#§§.#..#####..)..
.....# ##.#####..#.....##8.<§8
..#### ##..####)..#.Z.#..#.....
....######).......#..Z#Z##.##.8.#
...........Z................#####


You could see Vashnia and a naga sharpshooter (catching breath).

Vanquished Creatures
  Agnes (D:15)
  Donald (Orc:2)
  A dire elephant (D:15)
  3 vault guards (D:13)
  5 anacondas
  A catoblepas (Lair:4)
  3 two-headed ogres
  4 naga warriors
  3 boulder beetles
  A tengu warrior (D:15)
  3 centaur warriors
  6 naga sharpshooters
  3 shock serpents
  A spectral ogre (Orc:2)
  Nergalle (D:12)
  5 skeletal warriors (D:12)
  A spriggan rider (Lair:5)
  2 naga ritualists (Snake:3)
  A deep elf pyromancer (D:12)
  An orc knight (D:15)
  8 orc sorcerers (Orc:2)
  3 mana vipers
  4 cyclopes
  3 salamanders
  5 ugly things (D:14)
  3 elephants
  19 black mambas
  A spectral naga (Snake:3)
  4 naga magi
  A gargoyle (D:14)
  3 guardian serpents (Snake:3)
  5 cane toads
  2 kobold demonologists
  2 rime drakes
  A komodo dragon (Lair:4)
  An unseen horror (D:12)
  A tengu conjurer (D:15)
  3 polar bears
  6 trolls
  4 hornets
  A wolf spider simulacrum (D:14)
  Grinder (D:3)
  2 blink frogs
  3 spriggans (Lair:5)
  A wraith (D:10)
  3 shadows
  A slime creature (D:9)
  5 wyverns
  7 yaks
  5 hogs (D:13)
  2 steam dragons
  3 basilisks
  2 vampire mosquitoes
  2 wargs
  12 nagas
  7 water moccasins
  A hornet zombie (Lair:5)
  13 orc warriors
  Pargi (Sewer)
  13 ogres
  3 black bears (Lair:5)
  13 wolves
  A boggart (Lair:5)
  5 centaurs
  2 phantoms (D:5)
  6 bullfrogs
  A scorpion (D:7)
  2 water moccasin zombies
  2 water moccasin skeletons (D:5)
  9 killer bees
  A howler monkey (D:10)
  2 centaur zombies
  2 bullfrog zombies
  2 hounds (D:5)
  7 orc priests
  A bullfrog skeleton (D:5)
  3 jellies
  25 orc wizards
  A killer bee zombie (D:9)
  A hound zombie (D:5)
  9 mummies
  A howler monkey zombie (D:8)
  5 adders
  6 gnolls
  A howler monkey skeleton (D:5)
  An adder zombie (D:5)
  4 worms
  2 dart slugs
  60 orcs
  2 endoplasms (D:1)
  3 giant cockroaches
  2 gnoll zombies (Ossuary)
  4 goblins
  10 hobgoblins
  3 quokkas
  3 training dummies (D:10)
  8 ball pythons
  8 bats
  8 frilled lizards
  5 hobgoblin zombies (Ossuary)
  10 kobolds
  9 orc zombies
  12 rats
476 creatures vanquished.

Vanquished Creatures (collateral kills)
  Jorgrun (D:13)
  Kirke (D:13)
  Aizul (Snake:3)
  A vault guard (D:13)
  3 hydras
  3 anacondas
  A two-headed ogre (D:9)
  A centaur warrior (D:14)
  6 naga warriors
  A shock serpent (Snake:1)
  4 naga sharpshooters
  Lodul (D:13)
  A skeletal warrior (D:13)
  A skyshark (Lair:5)
  3 naga ritualists
  2 lindwurms
  2 orc knights (Orc:2)
  2 deep elf pyromancers
  5 ugly things
  2 orc sorcerers (Orc:2)
  7 mana vipers
  A manticore (D:15)
  4 elephants
  2 cyclopes
  A faun (D:15)
  12 black mambas
  5 salamanders
  6 naga magi
  2 guardian serpents
  5 cane toads
  6 rime drakes
  An unseen horror (D:12)
  Psyche (D:12)
  5 komodo dragons
  2 efreet
  2 freezing wraiths
  4 polar bears
  3 trolls
  A hornet (Lair:5)
  8 blink frogs
  2 dream sheep
  14 spriggans
  A shadow (D:13)
  34 yaks
  3 basilisks
  3 vampires
  A wyvern (Lair:4)
  2 wargs
  4 vampire mosquitoes
  25 nagas
  9 water moccasins
  4 orc warriors (Orc:2)
  A black bear (Lair:5)
  6 ogres
  2 boggarts (Lair:5)
  17 wolves
  4 orc zombies (Orc:2)
  A centaur (D:14)
  2 kobold brigands (D:9)
  A bullfrog (D:9)
  4 killer bees
  A wolf zombie (Lair:5)
  4 howler monkeys
  5 orc priests
  13 orc wizards
  2 gnolls
  3 adders
  A white imp (D:8)
  27 orcs
  3 bats
  A goblin (D:4)
  A hobgoblin (D:2)
  3 kobolds (D:9)
  3 ball pythons
  A rat (D:2)
  2 butterflies (Lair:3)
330 creatures vanquished.

Vanquished Creatures (others)
  2 anaconda zombies
  3 ugly thing zombies
  3 shock serpent zombies
  A spectral lindwurm (Lair:5)
  An unseen horror zombie (D:12)
  3 mana viper zombies (Snake:3)
  A guardian serpent zombie (Snake:3)
  14 black mamba zombies
  A slime creature zombie (D:9)
  2 two-headed ogre zombies
  A warg (D:9)
  2 cane toad zombies (Lair:2)
  A spectral efreet (D:13)
  An elephant zombie (Lair:5)
  An elf zombie (D:12)
  A lindwurm zombie (Lair:5)
  3 blink frog zombies
  2 hornet zombies
  A boggart (Lair:5)
  3 rime drake zombies
  A spectral shadow imp (D:3)
  3 salamander zombies
  A komodo dragon zombie (Lair:5)
  2 cyclops zombies (D:12)
  A warg zombie (D:9)
  A wyvern zombie (Lair:3)
  5 water moccasin zombies
  2 human zombies
  4 troll zombies
  11 yak zombies
  3 polar bear zombies
  2 spriggan zombies (Lair:5)
  16 wolf zombies
  A centaur zombie (D:15)
  2 basilisk zombies
  3 black bear zombies (Lair:5)
  2 bullfrog zombies
  A scorpion zombie (D:7)
  A boggart zombie (Lair:5)
  A killer bee zombie (D:9)
  29 naga zombies
  5 ogre zombies
  A hound zombie (D:5)
  2 howler monkey zombies
  A spectral white imp (D:8)
  An adder zombie (D:6)
  An orc (D:8)
  2 bat zombies
  3 ball python zombies
  A giant cockroach zombie (D:6)
  6 gnoll zombies
  A goblin zombie (D:4)
  3 hobgoblin zombies
  3 kobold zombies
  49 orc zombies
  60 fungi
  88 plants
  6 withered plants (D:5)
372 creatures vanquished.

Grand Total: 1178 creatures vanquished

Notes
Turn   | Place    | Note
-------+----------+-------------------------------------------
     0 | D:1      | rlgrobin the Felid Wanderer began the quest for the Orb.
     0 | D:1      | rlgrobin set off with the following items: 2 scrolls of
                  | blinking, a scroll of teleportation, a scroll of silence.
     0 | D:1      | Reached XP level 1. HP: 9/9 MP: 2/2
   257 | D:1      | Reached XP level 2. HP: 11/12 MP: 3/3
   429 | D:1      | Found a faded altar of an unknown god.
   432 | D:1      | Prayed at the altar of an unknown god.
   432 | D:1      | Became a worshipper of Yredelemnul the Dark
   432 | D:1      | Reached * piety under Yredelemnul
   843 | D:2      | Reached XP level 3. HP: 15/15 MP: 4/4
   875 | D:2      | Reached skill level 5 in Stealth
  1008 | D:2      | Reached ** piety under Yredelemnul
  1048 | D:2      | Learned a level 2 spell: Poisonous Vapours
  1634 | D:3      | Noticed Grinder
  1641 | D:3      | Killed Grinder
  1642 | D:3      | Reached XP level 4. HP: 19/19 MP: 4/9
  1642 | D:3      | Reached XP level 5. HP: 22/22 MP: 4/10
  1797 | D:3      | Gained mutation: You are covered in thick fur. (AC +2)
                  | [Felid growth]
  1797 | D:3      | Reached XP level 6. HP: 17/25 MP: 9/11
  1802 | D:3      | Your ally Grinder died
  2601 | D:4      | Reached skill level 1 in Poison Magic
  2933 | D:4      | Found a runed translucent gate.
  2934 | D:4      | Found a runed translucent gate.
  2934 | D:4      | Found a runed translucent gate.
  2935 | D:4      | Found an opulent altar of Gozag.
  2937 | D:4      | Noticed a wyvern
  2937 | D:4      | Noticed jazmu's ghost (amateur DsHs)
  3072 | D:5      | Entered Level 5 of the Dungeon
  3098 | D:5      | Reached XP level 7. HP: 21/28 MP: 13/13
  3243 | D:5      | Found a shadowy altar of Dithmenos.
  3718 | D:5      | Learned a level 3 spell: Mephitic Cloud
  4015 | D:5      | Reached XP level 8. HP: 32/32 MP: 15/15
  4019 | D:5      | Learned a level 3 spell: Spider Form
  4141 | D:5      | Found a glowing golden altar of the Shining One.
  4464 | D:6      | Found a sand-covered staircase.
  4483 | Ossuary  | Entered an ossuary
  4567 | Ossuary  | Reached skill level 5 in Spellcasting
  4748 | D:6      | Found a glowing drain.
  4780 | Sewer    | Entered a sewer
  4827 | Sewer    | Noticed Pargi
  4843 | Sewer    | Killed Pargi
  5371 | D:6      | Reached skill level 5 in Poison Magic
  5969 | D:7      | Found a staircase to the Ecumenical Temple.
  5992 | Temple   | Entered the Ecumenical Temple
  6232 | D:7      | Found Ehuri's Weapon Shoppe.
  6442 | D:7      | Found Naijozxebe's Jewellery Shoppe.
  6599 | D:7      | Identified the ring of Secrets {rElec rPois Will+ Dex-2
                  | Stlth+}
  6877 | D:7      | Found Queh's Book Boutique.
  7044 | D:7      | Reached XP level 9. HP: 35/35 MP: 8/17
  7428 | D:7      | Reached skill level 5 in Dodging
  8004 | D:8      | Reached *** piety under Yredelemnul
  8292 | D:9      | Noticed a troll
  8317 | D:9      | Killed a troll
  8529 | D:9      | Reached skill level 5 in Air Magic
  8852 | D:9      | Reached XP level 10. HP: 39/39 MP: 9/18
  9280 | D:9      | Found a staircase to the Lair.
  9418 | D:9      | Noticed a two-headed ogre
  9428 | D:9      | Killed a two-headed ogre
  9479 | D:9      | Noticed a deep elf pyromancer
  9489 | D:9      | Killed a deep elf pyromancer
  9490 | D:9      | Reached skill level 10 in Dodging
  9490 | D:9      | Reached **** piety under Yredelemnul
  9499 | D:9      | Noticed a green ugly thing
  9507 | D:9      | Killed a purple ugly thing
  9510 | D:9      | Noticed a purple ugly thing
  9516 | D:9      | Killed a purple ugly thing
  9517 | D:9      | Noticed a cyclops
  9527 | D:9      | Killed a cyclops
  9632 | D:9      | Reached ***** piety under Yredelemnul
  9742 | D:9      | Reached XP level 11. HP: 33/42 MP: 14/19
  9744 | D:9      | Reached ****** piety under Yredelemnul
  9930 | D:10     | Entered Level 10 of the Dungeon
  9938 | D:10     | Noticed a sun demon
  9942 | D:10     | Reached skill level 5 in Invocations
 10359 | D:10     | Found Wiatoege's Firing Range.
 10898 | D:10     | Found a white marble altar of Elyvilon.
 10898 | D:10     | Found a broken altar of Ashenzari.
 10900 | D:10     | Found a sparkling altar of Nemelex Xobeh.
 10910 | D:10     | Found an ancient bone altar of Kikubaaqudgha.
 11240 | Lair:1   | Entered Level 1 of the Lair of Beasts
 12240 | Lair:2   | Found a staircase to the Snake Pit.
 12822 | Lair:3   | Gained mutation: Your thick and shaggy fur keeps you warm.
                  | (AC +3, rC+) [Felid growth]
 12822 | Lair:3   | Reached XP level 12. HP: 44/49 MP: 16/20
 12970 | Lair:3   | Found a staircase to the Swamp.
 13097 | Lair:3   | Reached skill level 10 in Unarmed Combat
 14276 | Lair:4   | Reached skill level 5 in Fighting
 14591 | Lair:4   | Reached skill level 1 in Conjurations
 14774 | Lair:4   | Noticed a catoblepas
 14787 | Lair:4   | Killed a catoblepas
 15110 | Lair:5   | Entered Level 5 of the Lair of Beasts
 15128 | Lair:5   | Noticed a five-headed hydra
 15153 | Lair:5   | Killed a five-headed hydra
 15154 | Lair:5   | Reached XP level 13. HP: 14/57 MP: 21/23
 15452 | Lair:5   | Found a staircase to the Slime Pits.
 15456 | Lair:5   | Found a viscous altar of Jiyva.
 15497 | Lair:5   | Reached skill level 5 in Conjurations
 16740 | Lair:5   | Learned a level 5 spell: Freezing Cloud
 17137 | D:11     | Noticed MCDelver's ghost (journeyman OpFE)
 17155 | D:11     | Found Suotrix's Armour Boutique.
 17315 | D:11     | Found a transporter.
 17322 | D:11     | Found a transporter.
 17370 | D:11     | Found a bloodstained altar of Trog.
 18076 | D:12     | Reached XP level 14. HP: 50/61 MP: 24/28
 18076 | D:12     | Noticed Psyche
 18085 | D:12     | Killed Psyche
 18091 | D:12     | Found a staircase to the Orcish Mines.
 18404 | D:12     | Your ally Psyche died
 18734 | D:12     | Noticed Nergalle
 18752 | D:12     | Killed Nergalle
 19199 | D:13     | Noticed Kirke
 19249 | D:13     | Killed Kirke
 19285 | D:13     | Found a gate to the Vaults.
 19543 | D:13     | Noticed Jorgrun
 19692 | Orc:1    | Entered Level 1 of the Orcish Mines
 19777 | Orc:1    | Found Fopp's Jewellery Shoppe.
 20271 | Orc:2    | Entered Level 2 of the Orcish Mines
 20554 | Orc:2    | Found a staircase to the Elven Halls.
 20685 | Orc:2    | Found Feitylidgh's Distillery.
 20718 | Orc:2    | Found a radiant altar of Vehumet.
 20755 | Orc:2    | Gained mutation: You do not regenerate when monsters are
                  | visible. [a neqoxec]
 20761 | Orc:2    | Gained mutation: You occasionally lose the ability to read
                  | scrolls when taking damage. [a neqoxec]
 20765 | Orc:2    | Found Pekiun's Jewellery Shoppe.
 20772 | Orc:2    | Lost mutation: You do not regenerate when monsters are
                  | visible. [potion of mutation]
 20772 | Orc:2    | Lost mutation: You occasionally lose the ability to read
                  | scrolls when taking damage. [potion of mutation]
 20772 | Orc:2    | Gained mutation: Your body sometimes deteriorates upon
                  | taking damage. [potion of mutation]
 20772 | Orc:2    | Gained mutation: You occasionally lose the ability to drink
                  | potions when taking damage. [potion of mutation]
 20773 | Orc:2    | Lost mutation: Your body sometimes deteriorates upon taking
                  | damage. [potion of mutation]
 20773 | Orc:2    | Lost mutation: You occasionally lose the ability to drink
                  | potions when taking damage. [potion of mutation]
 20773 | Orc:2    | Gained mutation: You are clumsy. (Dex -2) [potion of
                  | mutation]
 20773 | Orc:2    | Gained mutation: Your mind is acute. (Int +4, Str/Dex -1)
                  | [potion of mutation]
 20834 | Orc:2    | Noticed Donald
 20869 | Orc:2    | Killed Donald
 21028 | Orc:2    | Found an ancient bone altar of Kikubaaqudgha.
 21185 | Orc:2    | Found Kounuic's Book Emporium.
 21234 | Orc:2    | Found Jeunox's Antique Weapon Emporium.
 21916 | D:13     | Killed from afar by Jorgrun
 21917 | D:13     | Reached XP level 13. HP: -3/57 MP: 27/27
 21971 | D:13     | Reached skill level 1 in Transmutations
 22025 | D:13     | Noticed Lodul
 22543 | D:13     | Killed Jorgrun
 22544 | D:13     | Reached skill level 5 in Transmutations
 23139 | D:13     | Killed Lodul
 23422 | D:13     | Found a gate to the Vaults.
 24197 | D:14     | Reached XP level 14. HP: 61/61 MP: 28/28
 24954 | D:14     | Identified the +1 sling of Wu Jian's Displeasure
                  | {antimagic, Dex+4}
 25432 | D:15     | Entered Level 15 of the Dungeon
 25509 | D:15     | Learned a level 6 spell: Statue Form
 25516 | D:15     | Found a runed translucent door.
 25516 | D:15     | Noticed Aldia's ghost (adept TrCK)
 25545 | D:15     | Found a hazy altar of Hepliaklqana.
 25737 | D:15     | Found a runed translucent door.
 25751 | D:15     | Found a runed translucent door.
 25764 | D:15     | Found a runed translucent door.
 25778 | D:15     | Found a runed translucent door.
 25821 | D:15     | Noticed Agnes
 25826 | D:15     | Noticed Nessos
 25838 | D:15     | Killed Agnes
 25855 | D:15     | Reached skill level 1 in Earth Magic
 26190 | D:15     | Shot with an arrow by Nessos
 26191 | D:15     | Reached XP level 13. HP: 0/57 MP: 22/27
 26233 | D:15     | Found Gauprafi's Armour Shop.
 26269 | D:15     | Killed a dire elephant
 26382 | D:15     | Found a staircase to the Depths.
 26465 | D:15     | Nessos changed into Nessos the faun
 26465 | D:15     | Noticed Nessos
 26476 | D:15     | Killed Nessos the faun
 27136 | Snake:1  | Entered Level 1 of the Snake Pit
 27311 | Snake:1  | HP: 2/57 [poisoned by a naga (splash of poison)]
 27777 | D:7      | Bought a ring of wizardry for 420 gold pieces
 27909 | Orc:1    | Bought a +6 ring of intelligence for 432 gold pieces
 28605 | Snake:1  | Reached skill level 10 in Transmutations
 28791 | Snake:1  | Reached skill level 5 in Earth Magic
 28816 | Snake:1  | Reached XP level 14. HP: 61/61 MP: 22/28
 29538 | Snake:2  | Upgraded the game from 0.30-a0-779-g7971cf19c3 to
                  | 0.30-a0-782-ge64f9170bb
 30647 | Snake:3  | Noticed Aizul
 30653 | Snake:3  | Killed Aizul
 30915 | Snake:3  | Found an opulent altar of Gozag.
 30919 | Snake:3  | Reached XP level 15. HP: 48/65 MP: 23/29
 31786 | Snake:3  | Noticed Vashnia
 31807 | Snake:3  | Shot with an arrow by a naga sharpshooter
 31808 | Snake:3  | Reached XP level 14. HP: -5/81 MP: 18/28
 31928 | Snake:3  | HP: 1/81 [Vashnia/bolt (18)]
 31929 | Snake:3  | Shot with an arrow by a naga sharpshooter

Illustrated notes

Levels and vault maps discovered:
D:1:      psy_arrival_spokes, layout_loops_ring,
          hellmonk_ecumenical_altar_inner_sanctum, chequers_avenue, minivault_11
D:2:      layout_basic, chequers_serial_rivers_micro_e
D:3:      layout_rooms, kennysheep_path_1, uniq_grinder
D:4:      layout_rooms, ebering_ghost_gozag, minmay_statues_item,
          chequers_serial_rivers_micro_c, kennysheep_crisscross
D:5:      layout_loops_ring, mainiacjoe_overflow_big_doors, serial_undead,
          serial_undead_e, serial_undead_f, serial_undead_d, serial_undead_b,
          serial_undead_a, serial_undead_b, serial_undead_d, serial_undead_c,
          minmay_strange_pillars
D:6:      layout_loops_cross, gup_ossuary_entry_pyramid, portal_sewer_entry_b
D:7:      layout_layer_cave, temple_green, serial_shops, shop,
          nicolae_shop_behind_doors, kennysheep_little_box
D:8:      layout_rooms, wad_floor_pattern_untrapped
D:9:      minmay_blocky_corners, layout_loops_corners,
          erik_lair_orcish_takeover, lightli_fourway_metalbox
D:10:     layout_long_grid, nicolae_overflow_quartered_altars, st_stairs_10,
          nicolae_shop_firing_range
D:11:     layout_irregular_city, serial_shops, nicolae_shop_behind_doors,
          serial_column_ruins, column_ruins_corridor_straight,
          column_ruins_grid_3, column_ruins_open_small,
          column_ruins_open_medium, gammafunk_ghost_wrathful_warriors
D:12:     layout_loops_cross, uniq_nergalle, uniq_psyche
D:13:     layout_basic, lightli_vaults_fourway_checkpoint, uniq_lodul,
          uniq_kirke, uniq_jorgrun
D:14:     layout_loops_cross, minmay_misc_feat_x, uniq_agnes
D:15:     hangedman_depths_entry_try_elsewhere_first, layout_irregular_city,
          serial_shops, nicolae_shop_stone, nzn_hepliaklqana_mist_gate,
          serial_column_ruins, column_ruins_courtyard_long, column_ruins_grid_1,
          column_ruins_grid_1, column_ruins_open_large, column_ruins_open_small,
          hellmonk_ghost_happy_afterlife, chequers_serial_rivers_small_b,
          minmay_statue_crystal_thing, uniq_nessos
Temple:   compressed_dpeg_triangle_lava_temple
Lair:1:   layout_roguey
Lair:2:   layout_long_grid, minmay_snake_entry_guardpost_large,
          infiniplex_staircase_pool
Lair:3:   layout_cave_pods, swamp_mist, infiniplex_staircase_pool_2,
          lemuel_fruit_fields
Lair:4:   layout_regular_city, wad_woods_02
Lair:5:   minmay_lair_end_enchanted_forest, layout_hall_layers, slime_entry_1,
          chequers_serial_rivers_micro_c
Snake:1:  layout_concentric_octagons
Snake:2:  layout_gridlike, nicolae_snake_coiling_death, grunt_megastairs_2
Snake:3:  layout_misc_corridors, basic_altar, grunt_megastairs_1, uniq_vashnia,
          uniq_aizul
Orc:1:    layout_caves, serial_shops, shop
Orc:2:    kennysheep_orc_mage_school, layout_diamond_mine, special_room,
          uniq_donald

Skill      XL: |  1  2  3  4  5  6  7  8  9 10 11 12 13 14 15 |
---------------+----------------------------------------------+-----
Stealth        | 3 4 5 7 8 |  8.6
Spellcasting   | 2 3 4 5 6 9 |  9.8
Air Magic      | 2 3 4 5 6 |  6.7
Poison Magic   | 2 4 5 |  5.8
Dodging        | 3 8 13 | 13.2
Invocations    | 4 7 8 |  8.3
Unarmed Combat | 8 10 13 | 13.0
Fighting       | 3 7 8 |  8.8
Conjurations   | 3 8 9 |  9.9
Transmutations | 10 12 | 12.6
Earth Magic    | 5 6 7 |  7.1
Evocations     | 3 |  3.6

Action                     |  1- 3 |  4- 6 |  7- 9 | 10-12 | 13-15 || total
---------------------------+-------+-------+-------+-------+-------++-------
  Melee: Unarmed           |    87 |    73 |   331 |   319 |   984 ||  1794
         Punch             |     3 |     1 |    18 |    19 |   105 ||   146
         Bite              |     6 |     9 |    45 |    60 |   127 ||   247
   Cast: Poisonous Vapours |       |    17 |    71 |    18 |    34 ||   140
         Mephitic Cloud    |       |       |    10 |    24 |    86 ||   120
         Spider Form       |       |       |     1 |       |    13 ||    14
         Statue Form       |       |       |       |       |    36 ||    36
         Freezing Cloud    |       |       |       |       |     4 ||     4
 Invoke: Recall Undead Har |     1 |       |     1 |     9 |    15 ||    26
         Dark Bargain      |     1 |       |       |     7 |    16 ||    24
         Bind Soul         |       |       |       |     2 |     2 ||     4
         Drain Life        |       |       |       |       |     1 ||     1
         Stop Recall       |       |       |       |       |     1 ||     1
Ability: End Transformatio |       |       |       |       |     4 ||     4
  Evoke: Wand              |       |       |       |     1 |    13 ||    14
         Phantom mirror    |       |       |       |       |     3 ||     3
         Condenser vane    |       |       |       |       |     1 ||     1
    Use: Scroll            |       |       |    19 |     1 |    16 ||    36
         Potion            |       |       |     4 |     1 |    12 ||    17
   Stab: Sleeping          |    12 |     6 |    14 |    14 |    14 ||    60
         Distracted        |       |     1 |     4 |     5 |    11 ||    21
         Confused          |       |       |     8 |    12 |    65 ||    85
 Armour: Skin              |     9 |     6 |    45 |    22 |   154 ||   236
  Dodge: Dodged            |    88 |    53 |   271 |   338 |  1052 ||  1802
  Block: Other             |       |       |       |       |    24 ||    24
         Reflection        |       |       |       |       |     8 ||     8

Table legend: (Time is in decaauts)
 A = Elapsed time spent in this place.
 B = Non-inter-level travel time spent in this place.
 C = Inter-level travel time spent in this place.
 D = Time resting spent in this place.
 E = Time spent auto-exploring this place.
 F = Levels seen in this place.
 G = Mean time per level.
                   A        B        C        D        E       F      G
               +--------+--------+--------+--------+--------+-----+--------+
         Total |  34056 |  32189 |   1867 |   6173 |  18884 |  28 | 1216.3 |
       Dungeon |  18937 |  17897 |   1040 |   3698 |  10100 |  15 | 1262.5 |
        Temple |    145 |    131 |     14 |      0 |    124 |   1 |  145.0 |
          Lair |   6573 |   6154 |    419 |    740 |   4264 |   5 | 1314.6 |
     Snake Pit |   5609 |   5405 |    204 |   1270 |   3009 |   3 | 1869.7 |
  Orcish Mines |   2415 |   2227 |    188 |    463 |   1317 |   2 | 1207.5 |
         Sewer |    184 |    184 |      0 |      0 |     68 |   1 |  184.0 |
       Ossuary |    191 |    191 |      0 |      0 |      0 |   1 |  191.0 |
               +--------+--------+--------+--------+--------+-----+--------+

Top non-repeatable levels by time:
    D:13: 2631 daAuts
     D:9: 2353 daAuts
 Snake:2: 2233 daAuts
  Lair:5: 2033 daAuts
 Snake:3: 1895 daAuts
    D:12: 1836 daAuts
    D:14: 1641 daAuts
   Orc:2: 1542 daAuts
  Lair:3: 1526 daAuts
 Snake:1: 1480 daAuts
    D:11: 1347 daAuts
     D:7: 1315 daAuts
    D:10: 1293 daAuts
  Lair:2: 1280 daAuts
    D:15: 1256 daAuts
